AoeStats
← CentralCrown20

Arabia

508581523Analyzed
2v2 RM · 7d ago on Sep 23, 2026· 68m 37s· 4 players
Game mode
Random Map
Map size
Medium (4 player)
Population
200
Speed
Normal
Resources
Standard
Victory
Conquest
Starting age
Dark Age
Ending age
Imperial Age
RankedLock teamsTeams togetherTeam positionsShared explorationLock speedFull tech treeHidden civsTurbo modeCheats
Victory
Defeat
🇺🇸 Teutons · United States
682
+13
🇲🇽 Tupi · Mexico
668
+14
🇺🇸 Saracens · United States
625
-15
🇺🇸 Malay · United States
620
-13
King_B
1:44 Loom
11:23 Feudal Age
12:50 Double-Bit Axe
14:00 Wheelbarrow
14:42 Loom
18:26 Castle Age
18:51 Fletching
19:12 Forging
19:10 Scale Barding Armor
19:40 Bloodlines
19:30 Husbandry
21:32 Crossbowman
23:27 Thumb Ring
25:58 Hand Cart
25:29 Town Watch
25:32 Pikeman
27:23 Bodkin Arrow
28:03 Iron Casting
29:24 Town Patrol
30:58 Padded Archer Armor
31:46 Chain Barding Armor
31:23 Gold Mining
40:59 Imperial Age
40:10 Elite Skirmisher
41:27 Ballistics
41:33 Horse Collar
42:06 Arbalester
44:08 Fervor
44:14 Block Printing
44:23 Sanctity
44:10 Caravan
45:33 Gold Shaft Mining
45:12 Bow Saw
45:15 Stone Mining
46:05 Counterweights
46:18 Conscription
46:18 Siege Engineers
46:50 Bracer
47:25 Plate Barding Armor
48:48 Blast Furnace
48:04 Leather Archer Armor
47:51 Scale Mail Armor
49:06 Two-Man Saw
51:16 Elite Mameluke
54:53 Murder Holes
55:09 Masonry
56:00 Chemistry
57:33 Hoardings
61:41 Heavy Plow
CentralCrown20
13:29 Feudal Age
15:03 Wheelbarrow
14:17 Double-Bit Axe
14:32 Man-at-Arms
22:39 Gold Mining
29:23 Castle Age
30:00 Hand Cart
30:03 Padded Archer Armor
30:58 Bow Saw
31:57 Leather Archer Armor
36:30 Fletching
37:28 Gold Shaft Mining
39:58 Imperial Age
40:31 Chemistry
40:58 Ring Archer Armor
40:23 Bodkin Arrow
40:39 Forging
41:08 Elite Battle Elephant
44:23 Stone Mining
47:14 Scale Barding Armor
47:44 Iron Casting
52:24 Blast Furnace
51:24 Bracer
58:15 Masonry
Mendez_AxS
2:58 Loom
10:06 Feudal Age
11:26 Double-Bit Axe
19:39 Scale Mail Armor
24:10 Castle Age
24:17 Pikeman
24:20 Elite Skirmisher
26:09 Forging
26:14 Chain Mail Armor
27:21 Bow Saw
27:25 Fletching
27:23 Champi Runner
29:20 Fletching
29:31 Padded Archer Armor
31:14 Bodkin Arrow
31:24 Horse Collar
31:36 Gold Mining
38:50 Imperial Age
38:03 Ballistics
38:02 Leather Archer Armor
39:59 Wheelbarrow
39:10 Town Watch
40:04 Iron Casting
39:28 Halberdier
40:40 Heavy Plow
42:29 Two-Man Saw
43:08 Chemistry
44:18 Curare
45:29 Caciques
47:13 Hand Cart
46:59 Town Patrol
48:20 Gold Shaft Mining
49:20 Ring Archer Armor
48:51 Bracer
49:27 Elite Blackwood Archer
57:08 Squires
56:53 Arson
59:10 Elite Ibirapema Warrior
61:42 Plate Mail Armor
61:39 Conscription
61:14 Stone Mining
61:23 Murder Holes
Gracious__Buds
8:27 Loom
11:55 Feudal Age
13:11 Wheelbarrow
12:24 Double-Bit Axe
12:33 Gold Mining
14:06 Horse Collar
22:25 Castle Age
21:27 Fletching
21:42 Stone Mining
23:29 Hand Cart
23:27 Heavy Plow
24:13 Stone Shaft Mining
30:35 Gambesons
30:51 Squires
30:16 Pikeman
35:46 Imperial Age
34:52 Ballistics
34:36 Bodkin Arrow
36:59 Crenellations
40:41 Chemistry
39:27 Arrowslits
41:58 Scale Mail Armor
42:09 Forging
44:11 Crop Rotation
43:55 Bow Saw
45:13 Halberdier
47:24 Chain Mail Armor
47:45 Iron Casting
47:51 Hoardings
47:38 Conscription
47:43 Ironclad
51:35 Elite Teutonic Knight
52:52 Plate Mail Armor
53:23 Blast Furnace
Connection lost

Rejoining the realm…

Still unreachable

The connection could not be restored.

Session expired

The server has moved on; the page needs a fresh start.